AoeStats
← Evan Mason

Arena

508154929Analyzed
4v4 RM · 13d ago on Sep 21, 2026· 23m 16s· 8 players
Game mode
Random Map
Map size
Large (8 player)
Population
200
Speed
Normal
Resources
Standard
Victory
Conquest
Starting age
Dark Age
Ending age
Imperial Age
RankedLock teamsTeams togetherTeam positionsShared explorationLock speedFull tech treeHidden civsTurbo modeCheats
Victory
Defeat
🇺🇸 Spanish · United States
705
+15
🇦🇷 Goths · Argentina
692
+16
🇩🇪 Khmer · Germany
672
+16
🇻🇳 Khmer · Vietnam
645
+18
🇺🇸 Italians · United States
771
-20
🇺🇸 Japanese · United States
754
-35
🇨🇳 Bohemians · China
611
-13
🇵🇪 Persians · Peru
595
-13
DaveyJones
0:40 Loom
11:33 Feudal Age
12:11 Double-Bit Axe
12:11 Horse Collar
13:14 Wheelbarrow
23:54 Castle Age
22:08 Stone Mining
23:10 Gold Mining
Bergoglio
3:10 Loom
13:02 Feudal Age
15:01 Gold Mining
14:59 Double-Bit Axe
14:57 Horse Collar
23:24 Castle Age
21:58 Forging
21:48 Scale Mail Armor
21:17 Man-at-Arms
vanvuongnguyen614
10:27 Feudal Age
14:44 Castle Age
13:28 Horse Collar
23:04 Double-Bit Axe
julian_venom
12:08 Feudal Age
12:31 Horse Collar
14:55 Wheelbarrow
14:09 Double-Bit Axe
21:05 Scale Barding Armor
21:17 Bloodlines
24:52 Castle Age
BasicOrc4106
0:29 Loom
2:01 Loom
3:20 Loom
12:13 Feudal Age
12:36 Horse Collar
12:44 Double-Bit Axe
14:37 Gold Mining
19:16 Castle Age
18:54 Wheelbarrow
20:59 Town Watch
22:03 Bow Saw
Fireballa9
11:11 Feudal Age
16:54 Castle Age
15:13 Double-Bit Axe
16:27 Gold Mining
18:12 Wheelbarrow
20:13 Squires
19:34 Pikeman
20:54 Scale Mail Armor
El Fiel
13:00 Feudal Age
19:02 Double-Bit Axe
22:58 Double-Bit Axe
Evan Mason
10:19 Feudal Age
11:01 Horse Collar
13:38 Loom
20:41 Castle Age
19:12 Double-Bit Axe
Connection lost

Rejoining the realm…

Still unreachable

The connection could not be restored.

Session expired

The server has moved on; the page needs a fresh start.